 Seeded DCSS version 0.30.1-4-g462c640d31 (webtiles) character file.

Game seed: 20230804 (custom seed)

25 AccursedSamuel the Sneak (level 3, 0/23 HPs)
             Began as a Tengu Delver on Aug 10, 2023.
             Frozen to death by an endoplasm (1 damage)
             ... in a sewer.
             The game lasted 00:01:14 (270 turns).

AccursedSamuel the Sneak (Tengu Delver)              Turns: 270, Time: 00:01:15

Health: 0/23       AC:  3    Str: 14    XL:     3   Next: 6%
Magic:  4/4        EV: 12    Int: 10    God:
Gold:   17         SH:  0    Dex: 15    Spells: 2/2 levels left

rFire   . . .        a - +0 falchion
rCold   . . .        (no shield)
rNeg    . . .        b - +0 leather armour
rPois   .            (helmet restricted)
rElec   .            (no cloak)
rCorr   .            (no gloves)
SInv    .            (boots unavailable)
Will    .....        (no amulet)
Stlth   +++          (no ring)
HPRegen 0.23/turn    (no ring)
MPRegen 0.09/turn

%: no passive effects
@: no status effects
A: beak, talons 3
a: no special abilities


You were in a sewer.
You visited 1 branch of the dungeon, and saw 2 of its levels.
You also visited: Sewer.

You collected 17 gold pieces.

Inventory:

Hand Weapons
 a - a +0 falchion (weapon)
 h - a +0 flail of holy wrath
 j - the +1 war axe of Kemuffou {freeze, Int+3}
   (You found it on level 4 of the Dungeon)

   Int:       It affects your intelligence (+3).
Armour
 b - a +0 leather armour (worn)
Wands
 g - a wand of digging (3)
Scrolls
 c - a scroll of fog
 d - a scroll of magic mapping
 e - a scroll of fear
 i - a scroll of identify {unknown}
Potions
 f - a potion of haste


   Skills:
 + Level 3.2 Fighting
 + Level 2.3 Long Blades
 + Level 0.1 Armour
 + Level 2.3 Dodging
 + Level 5.6 Stealth


You had 2 spell levels left.
You didn't know any spells.
Your spell library was empty.

Dungeon Overview and Level Annotations

Branches:
Dungeon (5/15)             Temple (0/1) D:5           Sewer (1/1)

Altars:


Innate Abilities, Weirdness & Mutations

You have a beak for a mouth.
You have claws for feet.


Message History

The adder hisses angrily.
You hit the adder. You peck the adder, but do no damage.
The adder is heavily wounded.
You feel sick. The adder bites you. x2
Your unstable footing causes you to fumble your attack.
You feel sick. The adder closely misses you.
You miss the adder. You peck the adder.
The adder is heavily wounded.
You feel sick. The adder closely misses you. The adder bites you.
* * * LOW HITPOINT WARNING * * *
The adder barely misses you.
You barely miss the adder.
The adder is heavily wounded.
* * * LOW HITPOINT WARNING * * *
You feel sick. The adder closely misses you. x2
You hit the adder.
The adder is almost dead.
* * * LOW HITPOINT WARNING * * *
You feel sick. The adder closely misses you. The adder barely misses you.
The adder misses you. The adder bites you but does no damage.
You hit the adder.
You kill the adder!
* * * LOW HITPOINT WARNING * * *
You feel sick.
You are no longer poisoned.
The adder bites you but does no damage.
You have reached level 3!
Your experience leads to an increase in your attributes!
Increase (S)trength, (I)ntelligence, or (D)exterity?
You feel stronger. x2
Unknown command.
The adder barely misses you. The adder bites you.
* * * LOW HITPOINT WARNING * * *
The endoplasm barely misses you. The adder closely misses you.
You see here an adder corpse.
You hit the adder. You peck the adder, but do no damage.
The adder is moderately wounded.
The endoplasm freezes you.
You are frozen.
You die...

#############
#.J@~......~####
#~~~.~S.....~~~~~.##
#.....#########~~..~#
#.~~## ###...# ~~.
##..# ~~ #.~# ~ #..#
###########~.#
#..~...~...~.#


You could see an adder and an endoplasm.

Vanquished Creatures
  2 adders
  A worm (D:4)
  A giant cockroach (Sewer)
  2 ball pythons (D:4)
  A kobold (D:4)
  A rat (D:4)
8 creatures vanquished.

Notes
Turn   | Place    | Note
-------+----------+-------------------------------------------
     0 | D:5      | AccursedSamuel the Tengu Delver began the quest for the
                  | Orb.
     0 | D:5      | Reached XP level 1. HP: 14/14 MP: 2/2
     7 | D:5      | Found a staircase to the Ecumenical Temple.
    79 | D:4      | Reached XP level 2. HP: 16/19 MP: 3/3
   111 | D:4      | Identified the +1 war axe of Kemuffou {freeze, Int+3}
   132 | D:4      | Found a glowing drain.
   154 | Sewer    | Entered a sewer
   269 | Sewer    | Reached XP level 3. HP: 1/23 MP: 4/4
   269 | Sewer    | HP: 1/23 [adder (1)]
   270 | Sewer    | Frozen to death by an endoplasm

Illustrated notes

Levels and vault maps discovered:
D:4:      layout_basic, gammafunk_temple_overflow_forgotten,
          portal_sewer_entry_b
D:5:      layout_rooms, mainiacjoe_overflow_two_lobes, temple_pool_b,
          serial_shops, nicolae_shop_window_shopping, ebering_ghost_inner_flame
Sewer:    sewer_hellmonk_slimy_pipes

Action                     || total
---------------------------++-------
  Melee: Falchion          ||    20
         Kick              ||     6
         Peck              ||     6
 Armour: Leather armour    ||     4
  Dodge: Dodged            ||    21
